[Event "Late-Titled-Tuesday-Blitz-October-03-2023"]
[Site "Chess.com"]
[Date "2023.10.03"]
[Round "5"]
[White "Kosak12"]
[Black "Nf3c5"]
[Result "1-0"]
[WhiteElo "2805"]
[BlackElo "2596"]
[TimeControl "180+1"]
[EndTime "14:52:31 PDT"]
[Termination "Kosak12 won on time"]

1. d4 Nf6 2. Nf3 e6 3. e3 b6 4. Bd3 Bb7 5. O-O c5 6. c4 Be7 7. Nc3 cxd4 8. exd4 d5 9. cxd5 Nxd5 10. Ne5 O-O 11. Qg4 f5 12. Qe2 Bf6 13. Re1 Re8 14.
Bb5 Re7 15. Bc4 Nc6 16. Nxc6 Bxc6 17. Be3 Rc8 18. Rac1 Bb7 19. Bxd5 Bxd5 20. Nxd5 exd5 21. Qf3 Rxc1 22. Rxc1 g6 23. h3 Kf7 24. h4 h5 25.
Rc6 Qd7 26. Rxf6+ Kxf6 27. Bg5+ Kf7 28. Bxe7 Kxe7 29. Qg3 Kf7 30. Qe5 Qc6 31. Kh2 Qe6 32.
Kg3 Qxe5+ 33. dxe5 Ke6 34. f4 d4 35. Kf3 Kd5 36. Ke2 b5 37. b4 1-0

[Event "Late-Titled-Tuesday-Blitz-October-03-2023"]
[Site "Chess.com"]
[Date "2023.10.03"]
[Round "5"]
[White "APOKALIPSA13"]
[Black "alfianasybullina"]
[Result "0-1"]
[WhiteElo "2167"]
[BlackElo "2410"]
[TimeControl "180+1"]
[EndTime "14:52:31 PDT"]
[Termination "alfianasybullina won by resignation"]

1. e4 c6 2. d3 d5 3. Qe2 dxe4 4. dxe4 e5 5. c3 Nf6 6. Qc2 Bc5 7. Bc4 O-O 8. Bg5 b5 9. Bb3 h6 10. Bh4 Qe7 11. Nd2 Be6 12. f4 exf4 13. Ngf3 g5 14. Nxg5 hxg5 15. Bxg5 Bxb3 16. axb3 Be3 17. O-O-O Qe5 18.
h4 Rd8 19. Kb1 Bxd2 20. g3 Nbd7 21. Rxd2 Qxe4 22. Qxe4 Nxe4 23. Bxd8 Nxd2+ 24. Kc2 Rxd8 25. Kxd2 fxg3 26. Rg1 Nf6+ 27. Ke3 Nh5 28. Rg2 f5 29. b4 Rd1 30. Kf3 Rf1+ 31. Ke3 f4+ 32. Ke2 Rb1 33. Kd3 f3 34. Rd2 g2 35. Ke4 g1=Q 0-1

[Event "Late-Titled-Tuesday-Blitz-October-03-2023"]
[Site "Chess.com"]
[Date "2023.10.03"]
[Round "5"]
[White "GMG"]
[Black "subham777"]
[Result "1-0"]
[WhiteElo "2757"]
[BlackElo "2540"]
[TimeControl "180+1"]
[EndTime "14:52:33 PDT"]
[Termination "GMG won on time"]

1. d4 d5 2. Nf3 Nf6 3. c4 e6 4. Nc3 Be7 5. g3 O-O 6. Bg2 dxc4 7. Ne5 Nc6 8. Bxc6 bxc6 9. Nxc6 Qe8 10. Nxe7+ Qxe7 11.
Qa4 Bb7 12. O-O Bd5 13. Rd1 c5 14. dxc5 Qxc5 15. Be3 Qc7 16. Bd4 Nd7 17. Nxd5 exd5 18. Rd2 Nb6 19. Qa3 Rfe8 20. Rad1 h5 21. Qf3 Re4 22.
Qxh5 Rae8 23. Qg5 Rxd4 24. Rxd4 Rxe2 25. R4d2 Re6 26. Qg4 Qc5 27. Re2 Qe7 28. Rde1 Rxe2 29.
Rxe2 Qd8 30. Qd4 g6 31. h4 Qd7 32. Kg2 Qc6 33. Re5 Qd7 34. h5 Qd6 35. Re8+ 1-0

[Event "Late-Titled-Tuesday-Blitz-October-03-2023"]
[Site "Chess.com"]
[Date "2023.10.03"]
[Round "5"]
[White "GoldenShare"]
[Black "Zurability"]
[Result "1-0"]
[WhiteElo "2580"]
[BlackElo "2712"]
[TimeControl "180+1"]
[EndTime "14:52:34 PDT"]
[Termination "GoldenShare won on time"]

1. e4 c5 2. Nc3 Nc6 3. Bb5 Nd4 4.
Nf3 Nxb5 5. Nxb5 a6 6. Nc3 g6 7.
d4 Bg7 8. dxc5 Qc7 9. Nd5 Qc6 10. Be3 Nf6 11. Ne5 Nxd5 12. Nxc6 Nxe3 13. fxe3 dxc6 14. c3 O-O 15. O-O Be6 16. Qe2 a5 17. Rfd1 a4 18. a3 Ra5 19. Rd4 Bb3 20. Rb4 Rb8 21. Rd1 Bxd1 22.
Qxd1 Rxc5 23. Qd7 Bh6 24. Kf2 Bg5 25. Rxb7 Rxb7 26. Qxb7 Rb5 27. Qxc6 Rxb2+ 28. Kf3 Rb3 29. Qa8+ Kg7 30. Qxa4 Rxc3 31. Qd4+ Bf6 32. e5 1-0

[Event "Late-Titled-Tuesday-Blitz-October-03-2023"]
[Site "Chess.com"]
[Date "2023.10.03"]
[Round "5"]
[White "onnoelgersma"]
[Black "IngOscarArdila"]
[Result "0-1"]
[WhiteElo "2527"]
[BlackElo "2339"]
[TimeControl "180+1"]
[EndTime "14:52:36 PDT"]
[Termination "IngOscarArdila won on time"]

1. e4 e5 2. Nf3 Nf6 3. Nxe5 d6 4. Nf3 Nxe4 5. d3 Nf6 6. d4 Bg4 7. Bd3 Be7 8. h3 Bh5 9. Bg5 O-O 10. Nbd2 Nd5 11.
Bxe7 Qxe7+ 12. Qe2 Re8 13. Qxe7 Rxe7+ 14. Kf1 Nf4 15. g4 Nxd3 16. cxd3 Bg6 17. Kg2 Nc6 18. d5 Nb4 19. d4 Nxd5 20. Rae1 Rae8 21. Rxe7 Rxe7 22. Re1 Kf8 23. Rxe7 Kxe7 24. Kg3 Nb4 25. a3 Nd3 26. b3 f6 27. Nh4 Ke6 28. f4 Kd5 29. f5 Bf7 30. Nhf3 c5 31. dxc5 dxc5 32.
h4 Ne5 33. g5 Nxf3 34. Nxf3 Ke4 35. h5 Bxh5 0-1

[Event "Late-Titled-Tuesday-Blitz-October-03-2023"]
[Site "Chess.com"]
[Date "2023.10.03"]
[Round "5"]
[White "Lennis93"]
[Black "Haykoooo0o"]
[Result "1-0"]
[WhiteElo "2714"]
[BlackElo "2452"]
[TimeControl "180+1"]
[EndTime "14:52:38 PDT"]
[Termination "Lennis93 won by resignation"]

1. c4 c6 2. g3 d5 3. Bg2 Nf6 4.
Nf3 Bf5 5. Qb3 Qb6 6. cxd5 Qxb3 7. axb3 cxd5 8. Nc3 Nc6 9. Nb5 Rc8 10. O-O a6 11. Nbd4 Nxd4 12. Nxd4 Bg6 13. d3 e6 14. Bd2 Bc5 15. Bc3 O-O 16. b4 Bb6 17. b5 e5 18. Nf3 e4 19. dxe4 dxe4 20. Nd4 e3 21. Bxb7 exf2+ 22. Kg2 Rcd8 23. bxa6 Bxd4 24. Bxd4 Rxd4 25.
a7 Be4+ 26. Bxe4 Rxe4 27. a8=Q Rxa8 28. Rxa8+ Re8 29. Rxe8+ Nxe8 30. Kxf2 Kf8 31. Rd1 Ke7 32. b4 Nc7 33. e4 f6 34. Ke3 Ke6 35. Rd8 Nb5 36.
Rd5 Nd6 37. b5 h6 38. Kd4 Nf7 39. b6 Ne5 40. b7 g5 41. Rxe5+ fxe5+ 42. Kc5 Kd7 43.
b8=Q Ke6 44. Qd6+ 1-0

[Event "Late-Titled-Tuesday-Blitz-October-03-2023"]
[Site "Chess.com"]
[Date "2023.10.03"]
[Round "5"]
[White "Russian_berezka"]
[Black "canary2016"]
[Result "1-0"]
[WhiteElo "2646"]
[BlackElo "2157"]
[TimeControl "180+1"]
[EndTime "14:52:38 PDT"]
[Termination "Russian_berezka won by checkmate"]

1. f4 d5 2. Nf3 Nf6 3. e3 g6 4. b3 Bg7 5. Bb2 O-O 6. Be2 c5 7. O-O Nc6 8. Bb5 Qc7 9. d3 e6 10. Nbd2 b6 11. Ne5 Bb7 12. Bxc6 Bxc6 13. Qe1 Rac8 14.
Qh4 Nd7 15. Nxc6 Qxc6 16. Bxg7 Kxg7 17. e4 dxe4 18. Nxe4 b5 19. Rf3 c4 20. Rh3 Rh8 21. Qe1 cxb3 22. axb3 Qxc2 23. Rxa7 Nc5 24. Qa1+ Kg8 25.
Nf6+ Kf8 26. Nd7+ Nxd7 27. Qxh8+ Ke7 28. Qa1 Qc1+ 29. Qxc1 Rxc1+ 30. Kf2 Rc2+ 31. Kf1 Rc1+ 32. Ke2 Rc2+ 33. Kf3 Rc3 34. Ke3 Rxb3 35. Rxh7 Rb2 36. g4 b4 37. h4 b3 38. h5 gxh5 39. gxh5 Rb1 40. Rb7 b2 41. Kd4 Kd6 42. Rxf7 Nc5 43. Rb6# 1-0

[Event "Late-Titled-Tuesday-Blitz-October-03-2023"]
[Site "Chess.com"]
[Date "2023.10.03"]
[Round "5"]
[White "arminmusovic"]
[Black "ETTrainer"]
[Result "1-0"]
[WhiteElo "2508"]
[BlackElo "2275"]
[TimeControl "180+1"]
[EndTime "14:52:47 PDT"]
[Termination "arminmusovic won by resignation"]

1. a3 d5 2. Nc3 g6 3. e4 dxe4 4. Nxe4 Bg7 5. Nf3 Nf6 6. Nxf6+ Bxf6 7. d4 Bg4 8. Bh6 Nc6 9. c3 Qd5 10. h3 Bxf3 11. Qxf3 Qxf3 12. gxf3 e5 13. d5 Ne7 14. Bb5+ Kd8 15. O-O-O Nf5 16. Be3 Nxe3 17. fxe3 Ke7 18. h4 h5 19. Kd2 Rhd8 20. Ke2 a6 21. Ba4 Bg7 22. c4 Rab8 23. b4 b5 24. Bb3 bxc4 25.
Bxc4 a5 26. bxa5 Rb2+ 27. Rd2 Rdb8 28. Rc1 Kd6 29. Rcc2 Rb1 30. a4 Rh1 31. a6 Bf8 32.
Bb5 Ra8 33. Rc6+ Kd7 34. Rc1+ 1-0

[Event "Late-Titled-Tuesday-Blitz-October-03-2023"]
[Site "Chess.com"]
[Date "2023.10.03"]
[Round "5"]
[White "szachuspl"]
[Black "Veleamater"]
[Result "1-0"]
[WhiteElo "2530"]
[BlackElo "2322"]
[TimeControl "180+1"]
[EndTime "14:52:48 PDT"]
[Termination "szachuspl won by resignation"]

1. d4 g6 2. c4 Bg7 3. Nc3 d6 4. e4 Nf6 5. Be2 Nc6 6. d5 Ne5 7. h3 a6 8. Be3 h5 9. f4 Ned7 10.
Nf3 b6 11. O-O O-O 12. Nd4 Qe8 13. f5 Ne5 14. b3 Nh7 15. Qd2 e6 16. Rf2 exf5 17. exf5 g5 18. Bxh5 Bf6 19. Re1 Qd8 20. Ne4 Kh8 21. Bd1 Rg8 22. g4 Be7 23. Kg2 f6 24.
Bc2 Bd7 25. Ng3 Qe8 26. Ne6 Rc8 27. Bd4 c5 28. dxc6 Bxc6+ 29. Be4 Bxe4+ 30. Nxe4 Qc6 31. Bxe5 dxe5 32. Qd5 b5 33. Qxc6 Rxc6 34. c5 b4 35. Rd2 Rgc8 36. Rd7 Re8 37. Rc1 Nf8 38. Nxf8 Bxf8 39.
Rc4 a5 40. Kf3 Rec8 41. Ke3 Kg8 42. Kf3 Kh8 43. Rf7 Bg7 44. Rc2 Kg8 45. Ra7 Bf8 46. Rxa5 Kf7 47. Rc4 Rd8 48. Ke2 Rd4 49. Rxd4 exd4 50.
Kd3 Rc8 51. Ra7+ Ke8 52. Nxf6+ 1-0

[Event "Late-Titled-Tuesday-Blitz-October-03-2023"]
[Site "Chess.com"]
[Date "2023.10.03"]
[Round "5"]
[White "Onthequiet"]
[Black "Elbebiber"]
[Result "1-0"]
[WhiteElo "2403"]
[BlackElo "2148"]
[TimeControl "180+1"]
[EndTime "14:52:49 PDT"]
[Termination "Onthequiet won by resignation"]

1. d4 Nf6 2. Nf3 e6 3. a3 d5 4.
c4 c5 5. cxd5 Nxd5 6. e4 Nf6 7.
Bb5+ Bd7 8. Bxd7+ Nbxd7 9. Nc3 cxd4 10. Nxd4 a6 11. O-O Bc5 12. Be3 O-O 13. Rc1 Rc8 14. Qe2 h6 15. Rfd1 Qe7 16. b4 Bb6 17. f3 Rfd8 18.
Na4 Ba7 19. Nb3 Bxe3+ 20. Qxe3 Ne5 21. Nb6 Rxc1 22. Qxc1 Rxd1+ 23. Qxd1 Qc7 24. Qd4 Nc6 25. Qe3 Ne5 26. Qc5 Nc6 27. Na5 Nd7 28. Nxd7 Qxd7 29. Nxc6 Qxc6 30. Qxc6 bxc6 31. Kf2 Kf8 32. Ke3 e5 33.
Kd3 Ke7 34. Kc4 Kd6 35. a4 g6 36. g3 f5 37. h3 fxe4 38. fxe4 g5 39. g4 Kd7 40. Kc5 Kc7 41. a5 Kd7 42. Kb6 Kd6 43. Kxa6 c5 44. bxc5+ Kxc5 45. Kb7 Kd4 46. a6 Kxe4 47. a7 1-0

[Event "Late-Titled-Tuesday-Blitz-October-03-2023"]
[Site "Chess.com"]
[Date "2023.10.03"]
[Round "5"]
[White "KamilGrycel"]
[Black "crazy_but_lazy"]
[Result "0-1"]
[WhiteElo "2462"]
[BlackElo "2587"]
[TimeControl "180+1"]
[EndTime "14:52:51 PDT"]
[Termination "crazy_but_lazy won by resignation"]

1. d4 f5 2. h3 d5 3. g4 Nc6 4.
Nf3 Nf6 5. Qd3 Ne4 6. Ne5 Nxe5 7. dxe5 e6 8. Nc3 c6 9. Nxe4 fxe4 10. Qb3 Bc5 11.
Be3 d4 12. O-O-O O-O 13. Qc4 Qd5 14. Qxd5 exd5 15. Bxd4 Bxd4 16. Rxd4 Rxf2 17. c4 Be6 18. cxd5 cxd5 19. Kd2 Raf8 20. Ke1 g5 21. Rd2 Kg7 22. e3 R2f3 23. Be2 Rxe3 24. Rc2 d4 25. Rc7+ Kg6 26. h4 d3 27. h5+ Kh6 28. Re7 Rxe2+ 29. Kd1 Bxg4 0-1

[Event "Late-Titled-Tuesday-Blitz-October-03-2023"]
[Site "Chess.com"]
[Date "2023.10.03"]
[Round "5"]
[White "Korchmar_Vasiliy"]
[Black "Oleksandr_Bortnyk"]
[Result "0-1"]
[WhiteElo "2706"]
[BlackElo "3010"]
[TimeControl "180+1"]
[EndTime "14:52:53 PDT"]
[Termination "Oleksandr_Bortnyk won on time"]

1. e4 Nf6 2. e5 Nd5 3. d4 d6 4.
Nf3 dxe5 5. Nxe5 c6 6. Bd3 Nd7 7. Nf3 N7f6 8. c3 Bg4 9. O-O e6 10.
Re1 Be7 11. Nbd2 O-O 12. Nf1 c5 13. dxc5 Bxc5 14. h3 Qb6 15. hxg4 Bxf2+ 16. Kh1 Nxg4 17. Bxh7+ Kxh7 18. Ng5+ Kg8 19. Qxg4 Bxe1 20. Qe4 f5 21. Qxe1 Rf6 22. Be3 Qxb2 23. Bd4 Rh6+ 24. Kg1 Nf4 25. Nd2 Ne2+ 26. Qxe2 Qxa1+ 27. Kf2 Qxa2 28. Ngf3 Qd5 29. Nc4 b5 30. Nce5 a5 31. Nd3 a4 32. Nb4 Qe4 33.
Qxb5 a3 34. Na2 Rg6 0-1

[Event "Late-Titled-Tuesday-Blitz-October-03-2023"]
[Site "Chess.com"]
[Date "2023.10.03"]
[Round "5"]
[White "Metadast"]
[Black "PapaieDudu"]
[Result "1-0"]
[WhiteElo "2540"]
[BlackElo "2386"]
[TimeControl "180+1"]
[EndTime "14:52:54 PDT"]
[Termination "Metadast won by checkmate"]

1. e4 c5 2. a3 Nc6 3. b4 cxb4 4. axb4 Nxb4 5. c3 Nc6 6. d4 d5 7. exd5 Qxd5 8. Na3 Nf6 9. Nb5 Qd8 10. d5 Ne5 11. Bf4 Nfd7 12. Nf3 f6 13. Nfd4 Nc5 14. Bxe5 fxe5 15. Qh5+ g6 16. Qxe5 Kf7 17. Bc4 Bg7 18.
d6+ Kf8 19. Qxc5 b6 20. dxe7+ Qxe7+ 21. Qxe7+ Kxe7 22. Bd5 a6 23. Bxa8 axb5 24. Ra7+ Bd7 25. Bc6 Rd8 26. O-O Kd6 27. Bxd7 Rxd7 28. Nxb5+ Kc6 29.
Rxd7 Kxd7 30. Nd4 Kd6 31. Rb1 Kc5 32. Ne6+ Kc4 33. Nxg7 b5 34. g4 g5 35. Ne6 h6 36.
f4 gxf4 37. Nxf4 b4 38. Rxb4+ Kxc3 39. Re4 h5 40. g5 h4 41. g6 h3 42. g7 Kd2 43.
g8=Q Kc3 44. Qc4+ Kb2 45. Re2+ Kb1 46. Qc2+ Ka1 47. Qb2# 1-0

[Event "Late-Titled-Tuesday-Blitz-October-03-2023"]
[Site "Chess.com"]
[Date "2023.10.03"]
[Round "5"]
[White "Road2GM3000"]
[Black "maksimys18"]
[Result "0-1"]
[WhiteElo "2364"]
[BlackElo "2527"]
[TimeControl "180+1"]
[EndTime "14:52:55 PDT"]
[Termination "maksimys18 won by resignation"]

1. d4 e6 2. c4 d5 3. cxd5 exd5 4. Nc3 c6 5. Nf3 Bd6 6. Bg5 f6 7. Bh4 Ne7 8. e3 O-O 9. Bd3 Bg4 10. Qc2 f5 11. h3 Bxf3 12. gxf3 g6 13. Rg1 Nd7 14. Bxe7 Qxe7 15. Bxf5 Kh8 16. Bxg6 hxg6 17. Qxg6 Rf6 18. Qd3 Raf8 19. O-O-O Rxf3 20. Rg6 R3f6 21. Rdg1 Qh7 22. h4 Rxg6 23. Qxg6 Qxg6 24. Rxg6 Be7 25. f4 Kh7 26. Rg4 Nf6 27. Rg2 Ne4 28. Nxe4 dxe4 29. f5 Rxf5 30. Rg4 Rh5 31. Rxe4 Bxh4 32. Kc2 Kg6 33. Kd3 Kf7 34. Rg4 Bf6 35. e4 b5 36.
Rg3 Ke6 37. e5 Be7 38. a4 a6 39. axb5 axb5 40. b3 Kd5 41. Kc3 b4+ 42. Kd3 Rh4 43.
Rg7 Rxd4+ 44. Ke3 Bc5 45. Rd7+ Kxe5 46. Re7+ Bxe7 0-1

[Event "Late-Titled-Tuesday-Blitz-October-03-2023"]
[Site "Chess.com"]
[Date "2023.10.03"]
[Round "5"]
[White "Ermito2020"]
[Black "chesskov1982"]
[Result "0-1"]
[WhiteElo "2618"]
[BlackElo "2835"]
[TimeControl "180+1"]
[EndTime "14:52:57 PDT"]
[Termination "chesskov1982 won by resignation"]

1. e4 c5 2. Nf3 Nc6 3. Bb5 g6 4. Bxc6 dxc6 5. d3 Bg7 6. h3 Nf6 7. Nc3 Nd7 8. Be3 e5 9. Qd2 h6 10. Nh2 b6 11. O-O Nf8 12. f4 exf4 13. Bxf4 Ne6 14. Bg3 O-O 15. e5 Nd4 16. Ng4 Bxg4 17. hxg4 Qd7 18. Bf4 Qxg4 19. Bxh6 Bxe5 20. Bxf8 Rxf8 21.
Rae1 Qg3 22. Ne4 Qh2+ 23. Kf2 Qh4+ 24. Ke3 Bg3 25. Nf6+ Qxf6 26. Rxf6 Re8+ 0-1

[Event "Late-Titled-Tuesday-Blitz-October-03-2023"]
[Site "Chess.com"]
[Date "2023.10.03"]
[Round "5"]
[White "scandalgod"]
[Black "Nekoo04"]
[Result "1-0"]
[WhiteElo "2473"]
[BlackElo "2283"]
[TimeControl "180+1"]
[EndTime "14:52:59 PDT"]
[Termination "scandalgod won on time"]

1. d4 d5 2. c4 e6 3. Nf3 Nf6 4. g3 Bb4+ 5. Bd2 Be7 6. Bg2 O-O 7. Qc2 Nbd7 8. h4 c6 9. Nc3 dxc4 10. O-O b5 11.
Rfd1 Bb7 12. Ne5 Nxe5 13. dxe5 Nd5 14. Ne4 c5 15. Bg5 h6 16. Bxe7 Qxe7 17. Nd6 a6 18. Qc1 f6 19. b3 fxe5 20. Nxb7 Qxb7 21. bxc4 bxc4 22. Qxc4 Rfd8 23. Bh3 Qf7 24. Qg4 Rd6 25. Qe4 Rf8 26. Rf1 Qf6 27. Rac1 1-0

[Event "Late-Titled-Tuesday-Blitz-October-03-2023"]
[Site "Chess.com"]
[Date "2023.10.03"]
[Round "5"]
[White "remi04"]
[Black "Mesa_1"]
[Result "1-0"]
[WhiteElo "2855"]
[BlackElo "2623"]
[TimeControl "180+1"]
[EndTime "14:53:02 PDT"]
[Termination "remi04 won by resignation"]

1. c4 e6 2. Nc3 d5 3. e3 Nf6 4. Nf3 c6 5. b3 Nbd7 6. Bb2 Be7 7. Be2 O-O 8. Qc2 Re8 9. Rg1 b5 10. cxb5 Bb7 11. g4 cxb5 12. Bxb5 Rc8 13. Qd1 Ne4 14. Nxe4 dxe4 15. Nd4 Ne5 16. Nxe6 fxe6 17. Bxe5 Qd5 18. Bxe8 Qxe5 19. Ba4 Qxh2 20. Rf1 Ba6 21. Rc1 Rf8 22.
Rc4 Bxc4 23. bxc4 Rxf2 24. Rxf2 Qg1+ 25. Ke2 Qxg4+ 26. Kf1 Qh3+ 27. Kg1 Bh4 28. Rg2 1-0

[Event "Late-Titled-Tuesday-Blitz-October-03-2023"]
[Site "Chess.com"]
[Date "2023.10.03"]
[Round "5"]
[White "LeninGuerra"]
[Black "Pomberito2"]
[Result "1-0"]
[WhiteElo "2593"]
[BlackElo "2469"]
[TimeControl "180+1"]
[EndTime "14:53:02 PDT"]
[Termination "LeninGuerra won by checkmate"]

1. e4 e6 2. d4 d5 3. Nd2 Nf6 4. e5 Nfd7 5. Bd3 c5 6. c3 Nc6 7. Ne2 cxd4 8. cxd4 f6 9. exf6 Nxf6 10. O-O Bd6 11. Nf3 Qc7 12. Bg5 O-O 13. Rc1 g6 14. Bb1 Qg7 15. Qd2 Ng4 16. h3 Rxf3 17. hxg4 Rf7 18.
f4 Bd7 19. Rf3 h6 20. Bh4 Raf8 21. Rcf1 Bc7 22. Bf2 g5 23. fxg5 Rxf3 24. gxf3 Rxf3 25. Be3 Rxf1+ 26. Kxf1 Qf7+ 27. Kg2 e5 28. gxh6 Bxg4 29. h7+ Kh8 30. Bg5 Qf3+ 31. Kg1 exd4 32. Qf4 Bxf4 33. Bf6# 1-0

[Event "Late-Titled-Tuesday-Blitz-October-03-2023"]
[Site "Chess.com"]
[Date "2023.10.03"]
[Round "5"]
[White "santosalberto1987"]
[Black "tomozupan"]
[Result "1-0"]
[WhiteElo "2511"]
[BlackElo "2243"]
[TimeControl "180+1"]
[EndTime "14:53:03 PDT"]
[Termination "santosalberto1987 won on time"]

1. e4 e5 2. Nf3 Nc6 3. Bc4 Bc5 4.
c3 Nf6 5. d3 d6 6. O-O O-O 7.
h3 a6 8. Bb3 Qe7 9. Bg5 h6 10.
Bh4 Be6 11. Bc2 Ba7 12. Nbd2 d5 13. Re1 Qd6 14. Bxf6 gxf6 15. Qe2 Ne7 16. Nf1 dxe4 17. dxe4 Ng6 18. Rad1 Qb6 19. Bb3 Nf4 20. Qc2 Bxh3 21. gxh3 Nxh3+ 22. Kg2 Nf4+ 23. Kg3 Kh8 24. Ne3 Rg8+ 25.
Kh2 f5 26. exf5 Qf6 27. Rg1 Bxe3 28. fxe3 Nh5 29. Rxg8+ Rxg8 30. Rg1 Rxg1 31. Kxg1 Qg7+ 32. Qg2 Qf8 33. Nxe5 1-0

[Event "Late-Titled-Tuesday-Blitz-October-03-2023"]
[Site "Chess.com"]
[Date "2023.10.03"]
[Round "5"]
[White "ural58"]
[Black "German_Bazeev"]
[Result "1-0"]
[WhiteElo "2520"]
[BlackElo "2764"]
[TimeControl "180+1"]
[EndTime "14:53:04 PDT"]
[Termination "ural58 won on time"]

1. e4 c5 2. b3 Nf6 3. e5 Nd5 4. Nc3 Nxc3 5. dxc3 g6 6. Nf3 Bg7 7. Bc4 O-O 8. O-O Nc6 9. Bf4 Qc7 10. Re1 Nd8 11. Qd2 Ne6 12. Bh6 b6 13. Rad1 Rb8 14. a4 a6 15. Bxg7 Kxg7 16. Qd3 Ra8 17. h4 Ra7 18.
Ng5 h6 19. Nh3 Ra8 20. f4 b5 21. axb5 axb5 22. Bxb5 c4 23. Bxc4 Nc5 24. Qe3 e6 25. h5 Bb7 26. Nf2 Na4 27. hxg6 fxg6 28. Qg3 Nc5 29. b4 Na4 30. Bd3 Rf5 31. Bxf5 exf5 32. e6 dxe6 33. Rxe6 Qf7 34. Rde1 1-0

[Event "Late-Titled-Tuesday-Blitz-October-03-2023"]
[Site "Chess.com"]
[Date "2023.10.03"]
[Round "5"]
[White "zajka-molotok"]
[Black "NMZanette"]
[Result "1-0"]
[WhiteElo "2555"]
[BlackElo "2298"]
[TimeControl "180+1"]
[EndTime "14:53:06 PDT"]
[Termination "zajka-molotok won by resignation"]

1. e4 c5 2. Nf3 d6 3. Bb5+ Bd7 4. Bxd7+ Qxd7 5. c4 e5 6. O-O Nf6 7. d3 h6 8. Nc3 Be7 9. Ne1 Nc6 10. f4 Nd4 11.
Nc2 Nxc2 12. Qxc2 O-O 13. Be3 Ng4 14. Qe2 Nxe3 15. Qxe3 exf4 16. Qxf4 Bf6 17. Qg3 Be5 18. Qf3 Bxc3 19. bxc3 b5 20. cxb5 Qxb5 21. Rab1 Qa6 22. Rb2 Qa3 23. Rc2 Rab8 24. Qg3 Rb2 25. Rxb2 Qxb2 26.
Qxd6 Qxc3 27. Kh1 Qc2 28. h3 a5 29. a3 a4 30. Rf5 Qc1+ 31. Kh2 Qxa3 32. Rxc5 Qb3 33.
Ra5 Rc8 34. Qd7 Rc3 35. Ra8+ Kh7 36. Qf5+ g6 37. Qf6 1-0

[Event "Late-Titled-Tuesday-Blitz-October-03-2023"]
[Site "Chess.com"]
[Date "2023.10.03"]
[Round "5"]
[White "dorpato"]
[Black "MBA_CHESS_2021"]
[Result "1-0"]
[WhiteElo "2044"]
[BlackElo "2236"]
[TimeControl "180+1"]
[EndTime "14:53:06 PDT"]
[Termination "dorpato won by checkmate"]

1. e4 c5 2. Nc3 Nc6 3. g3 g6 4. Bg2 Bg7 5. d3 d6 6. Be3 e5 7. Qd2 Nge7 8. Bh6 O-O 9. h4 Nd4 10. Bxg7 Kxg7 11. h5 Ng8 12. hxg6 hxg6 13. O-O-O Be6 14.
Nge2 Qa5 15. Kb1 b5 16. b3 b4 17. Nd5 Bxd5 18. exd5 Nb5 19. f4 Rfe8 20. f5 Rab8 21. fxg6 fxg6 22. Be4 Rb6 23. Rh2 Nc3+ 24. Nxc3 bxc3 25.
Qg5 Kf8 26. Rf1+ Kg7 27. Qxg6# 1-0

[Event "Late-Titled-Tuesday-Blitz-October-03-2023"]
[Site "Chess.com"]
[Date "2023.10.03"]
[Round "5"]
[White "dretch"]
[Black "louis198"]
[Result "1-0"]
[WhiteElo "2844"]
[BlackElo "2622"]
[TimeControl "180+1"]
[EndTime "14:53:08 PDT"]
[Termination "dretch won by resignation"]

1. d4 Nf6 2. c4 d6 3. Nf3 g6 4.
Nc3 Bg7 5. e4 O-O 6. h3 Nbd7 7. Bg5 c6 8. Bd3 e5 9. O-O Qc7 10. Re1 Nh5 11. Bf1 h6 12. Be3 Re8 13. Qd2 Kh7 14. Rad1 b6 15. d5 c5 16. g4 Nhf6 17. g5 Ng8 18. gxh6 Bxh6 19. Ng5+ Bxg5 20. Bxg5 a6 21. h4 f6 22. Be3 Nf8 23. Be2 f5 24. f4 Nf6 25. fxe5 Rxe5 26. Bf4 Nxe4 27. Nxe4 Rxe4 28. Bf3 Qe7 29. Bxe4 fxe4 30. Bg5 Qe8 31. Qf4 Bf5 32. Qxd6 Nd7 33. Rd2 Qe5 34. Bf4 Qxd6 35. Bxd6 b5 36. b4 Rc8 37. cxb5 axb5 38. bxc5 Nxc5 39.
Rc2 Nd3 40. Rxc8 Bxc8 41. Rxe4 Kg7 42. Re3 Bf5 43. Be7 Kf7 44. Bg5 Nc5 45. Re7+ Kf8 46.
Rc7 Ne4 47. Rb7 Nc3 48. d6 Ke8 49. Re7+ Kf8 50. d7 1-0

[Event "Late-Titled-Tuesday-Blitz-October-03-2023"]
[Site "Chess.com"]
[Date "2023.10.03"]
[Round "5"]
[White "IamSchrodingersCat"]
[Black "Dhaydon19"]
[Result "0-1"]
[WhiteElo "2521"]
[BlackElo "2749"]
[TimeControl "180+1"]
[EndTime "14:53:09 PDT"]
[Termination "Dhaydon19 won by resignation"]

1. e4 d5 2. exd5 Qxd5 3. Nc3 Qd8 4. Bc4 Nf6 5. Nf3 e6 6. d4 Be7 7. Bg5 a6 8. Qe2 b5 9. Bb3 O-O 10. O-O Bb7 11. Rad1 Nbd7 12. Ne5 Nd5 13. Bxe7 Nxc3 14. bxc3 Qxe7 15. Nxd7 Qxd7 16. c4 b4 17. c5 a5 18.
Bc4 Bc6 19. Rfe1 Rad8 20. f4 Rfe8 21. Rd2 Bd5 22. g3 Bb7 23. Bb5 Qd5 24. Qg2 Qxg2+ 25. Rxg2 Bxg2 26. Bxe8 Ba8 27. Ba4 Rxd4 28. Bb3 Kf8 29.
Re5 Bc6 30. f5 a4 31. fxe6 axb3 32. e7+ Ke8 33. cxb3 Rd2 34. Rh5 h6 35. Rh4 Rg2+ 36.
Kf1 Rxa2 37. Rxb4 Rxh2 0-1

[Event "Late-Titled-Tuesday-Blitz-October-03-2023"]
[Site "Chess.com"]
[Date "2023.10.03"]
[Round "5"]
[White "DanielDardha2005"]
[Black "rasmussvane"]
[Result "0-1"]
[WhiteElo "2892"]
[BlackElo "2998"]
[TimeControl "180+1"]
[EndTime "14:53:11 PDT"]
[Termination "rasmussvane won by resignation"]

1. a3 d5 2. d4 Nf6 3. Nf3 c6 4.
e3 Bf5 5. Bd3 e6 6. c4 Bd6 7. Bxf5 exf5 8. Qb3 Qe7 9. Nc3 dxc4 10.
Qxc4 Nbd7 11. O-O Nb6 12. Qd3 g6 13. b3 O-O 14. Bb2 Rfe8 15. Nd2 Rad8 16. g3 h5 17. Nc4 Bc7 18. Qe2 Nbd5 19. Qf3 Nxc3 20. Bxc3 Ne4 21. Rfc1 h4 22. Be1 Ng5 23. Qg2 h3 24. Qh1 Rd5 25. Nd2 Bd6 26. b4 a5 27.
Nf3 Ne4 28. bxa5 Bxa3 29. Rcb1 Bd6 30. Nd2 c5 31. Qf3 cxd4 32. exd4 Rxd4 33. Nxe4 Rxe4 34. Kf1 Bc5 35. Qd3 Qe6 36. Qb5 Qd5 37. f3 Rxe1+ 0-1

[Event "Late-Titled-Tuesday-Blitz-October-03-2023"]
[Site "Chess.com"]
[Date "2023.10.03"]
[Round "5"]
[White "HamedWafa4"]
[Black "SpeedofLight0"]
[Result "1-0"]
[WhiteElo "2631"]
[BlackElo "3004"]
[TimeControl "180+1"]
[EndTime "14:53:12 PDT"]
[Termination "HamedWafa4 won on time"]

1. e4 Nc6 2. d4 e5 3. Nf3 exd4 4.
Nxd4 Nf6 5. Nxc6 bxc6 6. e5 Qe7 7. Qe2 Nd5 8. h4 a5 9. c4 Ba6 10. Nd2 Nb4 11. Nf3 c5 12. Bg5 Qe6 13. g3 h6 14.
Bf4 Be7 15. a3 Nc6 16. Rd1 O-O 17. b3 Rab8 18. Bh3 f5 19. exf6 Qxe2+ 20. Kxe2 Bxf6 21. Bxd7 Nd4+ 22. Nxd4 cxd4 23. Rd3 Rb7 24. Bc6 Rb6 25. Bd5+ Kh8 26. Bxc7 Rb7 27. Bxa5 Re7+ 28. Kd1 Re5 29. Rf3 Rfe8 30. Re1 Bc8 31. Rxe5 Bxe5 32. Bb4 Bg4 33. Kd2 Bxf3 34. Bxf3 Re6 35. Bd5 Rf6 36. f4 Bc7 37. Kd3 Rg6 38. Be1 Ra6 39. a4 Bb6 40. a5 Bxa5 41. Bxa5 Rxa5 42. Kxd4 g5 43. hxg5 hxg5 44.
f5 Kg7 45. g4 Kf6 46. b4 Ra1 47. b5 Ke7 48. b6 Kd7 49. f6 Rb1 50. f7 Ke7 51. b7 Kf8 52. Kc5 Ke7 53. Kc6 Rb2 54. Kc7 Kf6 55. b8=Q 1-0